 Dungeon Crawl Stone Soup version 0.28.0-49-g6dfe1f597d (webtiles) character file.

Game seed: 14822548831414303751

6535 Dreadrock the Blocker (level 10, -5/90 HPs)
             Began as a Minotaur Berserker on May 11, 2022.
             Was an Elder of Trog.
             Slain by Sonja
             ... wielding a +1 short sword of distortion
              (7 damage)
             ... on level 10 of the Dungeon.
             The game lasted 00:30:37 (16539 turns).

Dreadrock the Blocker (Minotaur Berserker)         Turns: 16539, Time: 00:30:38

Health: -5/90      AC: 17    Str: 25    XL:     10   Next: 69%
Magic:  9/9        EV:  9    Int:  4    God:    Trog [****..]
Gold:   481        SH: 19    Dex: 17    Spells: 9/9 levels left

rFire   . . .      SeeInvis .   H - +2 broad axe
rCold   . . .      Faith    .   b - +2 tower shield {AC+3}
rNeg    . . .      Spirit   .   j - +0 chain mail
rPois   +          Reflect  .   (helmet restricted)
rElec   .          Harm     .   (no cloak)
rCorr   .          Rampage  +   (no gloves)
Will    .....                   E - +2 pair of boots {rampage}
Stlth   ..........              (no amulet)
HPRegen 0.25/turn               r - ring of poison resistance
MPRegen 0.11/turn               n - +6 ring of dexterity

@: on berserk cooldown, slowed, very slow
A: horns 2, retaliatory headbutt
a: Renounce Religion, Berserk, Trog's Hand, Brothers in Arms


You were on level 10 of the Dungeon.
You worshipped Trog.
Trog was greatly pleased with you.
You visited 1 branch of the dungeon, and saw 10 of its levels.

You collected 597 gold pieces.
You spent 116 gold pieces at shops.

Inventory:

Hand Weapons
 H - a +2 broad axe (weapon)
Missiles
 c - 9 datura-tipped darts (quivered)
 h - 4 atropa-tipped darts
 k - a throwing net
Armour
 b - a +2 tower shield of protection (worn)
 j - a +0 chain mail (worn)
 E - a +2 pair of boots of rampaging (worn)
Jewellery
 n - a +6 ring of dexterity (right hand)
 r - a ring of poison resistance (left hand)
 u - a ring of ice
 w - a ring of ice
 z - a ring of positive energy
 C - a ring of see invisible
 D - an amulet of faith
 F - a ring of willpower
 G - a +6 ring of dexterity
Wands
 x - a wand of acid (10)
Scrolls
 m - 2 scrolls of blinking
 o - 4 scrolls of teleportation
 s - a scroll of magic mapping
 v - 2 scrolls of fear
Potions
 a - a potion of mutation {unknown}
 d - 3 potions of might
 e - 3 potions of magic {unknown}
 f - 3 potions of heal wounds
 g - a potion of berserk rage {unknown}
 i - 4 potions of brilliance
 l - 2 potions of haste {unknown}
 p - 3 potions of lignification
 t - a potion of ambrosia {unknown}
 B - 2 potions of curing {unknown}


   Skills:
 + Level 8.5 Fighting
 + Level 8.8 Axes
 - Level 4.0 Throwing
 + Level 8.2 Armour
 + Level 7.6 Dodging
 * Level 10.5 Shields


You had 9 spell levels left.
You didn't know any spells.
Your spell library was empty.

Dungeon Overview and Level Annotations

Branches:
Dungeon (10/15)            Temple (0/1) D:5            Lair (0/6) D:8
    Orc (0/2) D:9

Altars:
Cheibriados
Makhleb
Nemelex Xobeh
Trog
Vehumet
Wu Jian
Xom
Yredelemnul
The Shining One

Shops:
D:9 (

Annotations:
D:10 Sonja


Innate Abilities, Weirdness & Mutations

You have a pair of horns on your head.
You reflexively headbutt those who attack you in melee.


Message History

Sonja hits you with a +1 short sword of distortion.
Space warps around you.
* * * LOW HITPOINT WARNING * * *
A red film seems to cover your vision as you go berserk!
You feel yourself moving faster!
You feel mighty!
Sonja hits you but does no damage. x2; Space warps around you.
* * * LOW HITPOINT WARNING * * *
Sonja closely misses you.
You are too injured to fight recklessly!
You are too injured to fight recklessly!
You are too injured to fight recklessly!
You are too injured to fight recklessly!
You are too injured to fight recklessly!
You are too injured to fight recklessly!
You are too injured to fight recklessly!
You are too injured to fight recklessly!
You are too injured to fight recklessly!
You are too injured to fight recklessly!
You are too injured to fight recklessly!
You are too injured to fight recklessly!
You are too injured to fight recklessly!
You are too injured to fight recklessly!
You are too injured to fight recklessly!
You slice Sonja!!
Sonja is almost dead.
Sonja mumbles some strange words.
Sonja blinks!
You feel a strong urge to attack something.
Sonja throws a curare-tipped dart.
You block the curare-tipped dart.
You feel your anger nearly subside.
You are no longer berserk.
You are exhausted.
You feel yourself slow down. You block Sonja's attack.
Sonja hits you but does no damage. Space warps horribly around you!!
* * * LOW HITPOINT WARNING * * *
Sonja closely misses you.
You barely miss Sonja.
Sonja is almost dead.
You block Sonja's attack. x2; Sonja hits you but does no damage.
Space warps horribly around you!
You die...

##################
#....)K...........
###...@####....$...
##.##...#
#..####.ยง ...##..#
#z.# #..##.# #zz#
#..#.# #..# #...#
#..# ##..# #..#
#..# #..#


You could see Sonja.

Vanquished Creatures
  A boulder beetle (D:9)
  A komodo dragon (D:8)
  Grinder (D:3)
  A shadow (D:9)
  A wraith (D:10)
  A wyvern (D:8)
  4 yaks (D:8)
  A steam dragon (D:9)
  A warg (D:9)
  Duvessa (D:5)
  An acid dragon (D:10)
  A water moccasin (D:7)
  An orc warrior (D:8)
  An ice beast (D:7)
  3 sky beasts
  An ogre (D:9)
  A necrophage (D:7)
  A phantom (D:7)
  3 kobold brigands
  2 bullfrogs
  2 scorpions
  A wyvern skeleton (D:5)
  A water moccasin skeleton (D:6)
  Dowan (D:5)
  12 killer bees
  8 wights
  3 howler monkeys
  A crimson imp (D:9)
  4 centaur zombies
  A bullfrog zombie (D:5)
  3 quasits (D:3)
  2 bullfrog skeletons
  4 hounds
  6 orc priests
  2 gnoll shamans
  Crazy Yiuf (D:3)
  4 centaur skeletons
  Terence (D:3)
  2 iguanas
  13 orc wizards
  The ghost of Quickbrownfox the Chiller, a weakling DsIE (D:3)
  A howler monkey zombie (D:5)
  15 gnolls
  4 adders
  3 white imps
  An ufetubus (D:6)
  2 worms (D:4)
  2 dart slugs
  44 orcs
  3 bats
  2 endoplasms (D:2)
  2 giant cockroaches
  10 goblins
  5 hobgoblins
  11 kobolds
  3 quokkas
  7 ball pythons
  4 frilled lizards
  6 rats
226 creatures vanquished.

Vanquished Creatures (others)
  A fungus (D:3)
  4 plants
5 creatures vanquished.

Grand Total: 231 creatures vanquished

Notes
Turn   | Place    | Note
-------+----------+-------------------------------------------
     0 | D:1      | Dreadrock the Minotaur Berserker began the quest for the
                  | Orb.
     0 | D:1      | Reached XP level 1. HP: 19/19 MP: 0/0
   280 | D:1      | Reached XP level 2. HP: 21/27 MP: 1/1
  2055 | D:2      | Reached XP level 3. HP: 33/33 MP: 2/2
  2067 | D:2      | Found a bloodstained altar of Trog.
  2651 | D:2      | Reached XP level 4. HP: 27/40 MP: 3/3
  3015 | D:2      | Reached skill level 1 in Shields
  3260 | D:3      | Noticed Grinder
  3260 | D:3      | Found a transporter.
  3272 | D:3      | Killed Grinder
  3273 | D:3      | Reached skill level 1 in Throwing
  3273 | D:3      | Reached skill level 2 in Shields
  3273 | D:3      | Reached XP level 5. HP: 47/47 MP: 4/4
  3273 | D:3      | Reached XP level 6. HP: 53/53 MP: 5/5
  3349 | D:3      | Found a transporter.
  3353 | D:3      | Noticed Quickbrownfox's ghost (weakling DsIE)
  3862 | D:3      | Found a faded altar of an unknown god.
  3877 | D:3      | Identified the +7 falchion of the Other Side {vorpal, rN+
                  | Will+ Str+2}
  3948 | D:3      | Reached skill level 3 in Shields
  4412 | D:3      | Noticed Terence
  4432 | D:3      | Killed Terence
  5070 | D:3      | Found a runed translucent door.
  5071 | D:3      | Noticed Crazy Yiuf
  5080 | D:3      | Killed Crazy Yiuf
  5827 | D:3      | Killed Quickbrownfox's ghost
  5830 | D:3      | Reached skill level 5 in Axes
  5831 | D:3      | Reached skill level 5 in Fighting
  5941 | D:4      | Reached XP level 7. HP: 59/61 MP: 6/6
  6086 | D:4      | Reached skill level 4 in Shields
  6831 | D:4      | Identified the +2 leather armour "Oraczat" {Dex+4}
  7178 | D:5      | Entered Level 5 of the Dungeon
  7178 | D:5      | Noticed Duvessa
  7178 | D:5      | Noticed Dowan
  7181 | D:5      | Reached ** piety under Trog
  7207 | D:5      | Killed Dowan
  7210 | D:5      | Killed Duvessa
  7211 | D:5      | Reached skill level 5 in Shields
  7893 | D:5      | Found a glowing golden altar of the Shining One.
  7898 | D:5      | Found a sparkling altar of Nemelex Xobeh.
  7900 | D:5      | Found a burning altar of Makhleb.
  7978 | D:5      | Found a snail-covered altar of Cheibriados.
  8000 | D:5      | Reached XP level 8. HP: 49/69 MP: 7/7
  8251 | D:5      | Found a staircase to the Ecumenical Temple.
  8256 | D:5      | Reached skill level 5 in Armour
  8573 | D:5      | Reached skill level 5 in Dodging
  8886 | D:6      | Found a shimmering altar of Xom.
  8988 | D:6      | Reached skill level 6 in Shields
 10547 | D:7      | Found a radiant altar of Vehumet.
 10705 | D:7      | Reached skill level 7 in Shields
 10705 | D:7      | Reached XP level 9. HP: 35/78 MP: 8/8
 12227 | D:8      | Found a staircase to the Lair.
 12229 | D:8      | Noticed a komodo dragon
 12256 | D:8      | Killed a komodo dragon
 12257 | D:8      | Reached skill level 8 in Shields
 12695 | D:8      | Reached *** piety under Trog
 13551 | D:8      | Reached skill level 9 in Shields
 13559 | D:8      | Reached XP level 10. HP: 38/88 MP: 9/9
 14514 | D:9      | Found a transporter.
 14521 | D:9      | Noticed a boulder beetle
 14522 | D:9      | Found a transporter.
 15073 | D:9      | Reached **** piety under Trog
 15110 | D:9      | Found a staircase to the Orcish Mines.
 15367 | D:9      | Found an ornate altar of the Wu Jian Council.
 15465 | D:9      | Found a basalt altar of Yredelemnul.
 15516 | D:9      | Found Okon Taedd's Antique Weapon Emporium.
 15523 | D:9      | Bought a broad axe for 116 gold pieces
 15952 | D:9      | Killed a boulder beetle
 15953 | D:9      | Reached skill level 10 in Shields
 16317 | D:10     | Entered Level 10 of the Dungeon
 16519 | D:10     | Noticed Sonja
 16538 | D:10     | HP: 2/90 [Sonja/+1 short sword of distortion (21)]
 16539 | D:10     | Slain by Sonja

Illustrated notes

Levels and vault maps discovered:
D:1:      minmay_arrival_nine_rooms, layout_loops_corners, serial_forest,
          infiniplex_forest_clump_tiny, infiniplex_forest_clump_double,
          infiniplex_forest_end_3, infiniplex_forest_fountain,
          infiniplex_forest_clump_curved, minmay_fountain_box
D:2:      layout_basic, basic_altar, patterned_corridor
D:3:      layout_loops_ring, nicolae_ecumenical_oubliette,
          gammafunk_ghost_stat_death, uniq_grinder, uniq_crazy_yiuf_cottage,
          uniq_terence
D:4:      layout_basic, moated_statue, chequers_garden
D:5:      layout_loops_ring, mainiacjoe_overflow_24_doors, minitemple,
          temple_green, uniq_duvessa
D:6:      layout_gridville, xom_butterflies, nicolae_lava_and_water
D:7:      layout_basic, vehumet_crystals
D:8:      kennysheep_blocky_hall, layout_basic, david_lair_shrubbed
D:9:      gammafunk_boulding_lane, layout_basic,
          mainiacjoe_overflow_tiny_flanked, mainiacjoe_overflow_six_doors_small,
          erik_orc_3, serial_shops, shop_statue, minmay_fire_ice_demons
D:10:     layout_long_grid, nicolae_hepliaklqana_monster_ancestors,
          trove_entry_hex_spiral, gammafunk_ghost_berserking_beasts,
          serial_shops, shop, uniq_sonja

Skill      XL: |  1  2  3  4  5  6  7  8  9 10 |
---------------+-------------------------------+-----
Axes           | 4 5 6 7 8 |  8.8
Fighting       | 4 5 6 7 8 |  8.5
Armour         | 3 4 5 7 8 |  8.2
Dodging        | 3 4 5 6 7 |  7.6
Shields        | 2 3 5 7 9 10 | 10.5
Throwing       | 1 2 3 4 |  4.0

Action                   |  1- 3 |  4- 6 |  7- 9 | 10-12 || total
-------------------------+-------+-------+-------+-------++-------
Melee: Hand axe          |    80 |    89 |   373 |       ||   542
       Headbutt          |    13 |    14 |    95 |    30 ||   152
       Punch             |     1 |       |       |       ||     1
       War axe           |       |       |    85 |    86 ||   171
       Broad axe         |       |       |       |    40 ||    40
Invok: Berserk           |     2 |     3 |     4 |     2 ||    11
  Use: Scroll            |       |       |       |    12 ||    12
Armor: Animal skin       |     3 |       |       |       ||     3
       Chain mail        |    27 |    60 |   237 |    59 ||   383
Dodge: Dodged            |    30 |    24 |   106 |    50 ||   210
Block: Tower shield      |    19 |    63 |   426 |   153 ||   661
